 Dungeon Crawl Stone Soup version 0.22-a0-825-ga28c36f (webtiles) character file.

52 riteheju the Sneak (level 3, -3/27 HPs)
             Began as a Demonspawn Assassin on July 24, 2018.
             Slain by a gnoll
             ... wielding a +0 club
              (7 damage)
             ... on level 2 of the Dungeon.
             The game lasted 00:03:03 (1095 turns).

riteheju the Sneak (Demonspawn Assassin)            Turns: 1095, Time: 00:03:04

Health: -3/27      AC:  4    Str: 11    XL:     3   Next: 60%
Magic:  3/3        EV: 11    Int: 12    God:
Gold:   79         SH:  4    Dex: 15    Spells: 2/2 levels left

rFire    . . .     SeeInvis .   a - +2 dagger
rCold    . . .     Gourm    .   (no shield)
rNeg     . . .     Faith    .   c - +0 robe
rPois    .         Spirit   .   (helmet restricted)
rElec    .         Reflect  +   d - +0 cloak
rCorr    .         Harm     .   (no gloves)
MR       .....                  l - +0 pair of boots
Stlth    +++.......             m - +4 amulet of reflection
HPRegen  0.09/turn              (no ring)
MPRegen  0.08/turn              (no ring)

@: no status effects
A: antennae 1
a: no special abilities


You were on level 2 of the Dungeon.
You were not hungry.

You visited 1 branch of the dungeon, and saw 2 of its levels.

You collected 79 gold pieces.

Inventory:

Hand Weapons
 a - a +2 dagger (weapon)
 b - a +0 blowgun
Missiles
 e - 8 poisoned needles
 f - 2 curare-tipped needles
Armour
 c - a +0 robe (worn)
 d - a +0 cloak (worn)
 l - a +0 pair of boots (worn)
Jewellery
 m - a +4 amulet of reflection (around neck)
Scrolls
 i - a scroll of magic mapping {unknown}
 j - 2 scrolls of identify {unknown}
 n - a scroll of amnesia {unknown}
 o - a scroll of noise {unknown}
 q - 2 scrolls of remove curse {unknown}
 r - a scroll of random uselessness {unknown}
Potions
 h - 3 potions of curing {unknown}
 k - a potion of brilliance {unknown}
 s - 2 potions of might {unknown}
Comestibles
 g - 2 rations
 p - 2 chunks of flesh


   Skills:
 + Level 2.1 Fighting
 * Level 2.1 Short Blades
 + Level 2.1 Throwing
 + Level 0.8 Dodging
 * Level 4.6 Stealth


You had 2 spell levels left.
You didn't know any spells.
Your spell library was empty.

Dungeon Overview and Level Annotations

Branches:
Dungeon (2/15)

Altars:
Trog
Uskayaw
Xom
Yredelemnul


Innate Abilities, Weirdness & Mutations

You have a pair of small antennae on your head.


Message History

r - a scroll labeled ASESEY DUSKYPT Eating one of 3 chunks of flesh.
You eat one of the 3 chunks of flesh.
This raw flesh tastes terrible.
s - 2 white potions A dart slug comes into view.
The dart slug launches a dart at you. The slug dart hits you!
The gnoll shouts!
The gnoll hits you but does no damage.
You closely miss the gnoll.
The gnoll hits you from afar with a spear.
You hit the gnoll but do no damage. The gnoll hits you with a club.
The gnoll hits you but does no damage.
You barely miss the gnoll. The gnoll hits you with a club!
The gnoll hits you from afar with a spear.
* * * LOW HITPOINT WARNING * * *
You are too injured to fight recklessly!
You are too injured to fight recklessly!
The gnoll hits you with a club!
You die...

##..#.......................
...#_#.............#...#####
....#..............#...#####
...................#........
.........#.........#...##### ####
.........#.....#####..<...#
....####...w..#.....# #......##
..............###########........
...............@................
#........###.g................g
#.....#...##.g...........###...
#.....#...##.......###...# #...
#..รท......##...##### #...# #...
.##.........##...# #...###...
............##...# ..........
........#........# ..........#
........###.....................#


You could see 2 gnolls and a dart slug.

Vanquished Creatures
  2 adders (D:2)
  3 dart slugs (D:1)
  2 leopard geckos
  A ball python (D:1)
  3 giant cockroaches
  3 goblins
  A hobgoblin (D:2)
  4 bats
  A frilled lizard (D:2)
  3 kobolds (D:1)
  3 rats
26 creatures vanquished.

Notes
Turn   | Place    | Note
-------+----------+-------------------------------------------
     0 | D:1      | riteheju the Demonspawn Assassin began the quest for the Orb.
     0 | D:1      | Reached XP level 1. HP: 16/16 MP: 1/1
   125 | D:1      | Gained mutation: You have a pair of small antennae on your head. [demonic ancestry]
   125 | D:1      | Reached XP level 2. HP: 22/22 MP: 2/2
   593 | D:1      | Reached skill level 4 in Stealth
   609 | D:1      | Found a basalt altar of Yredelemnul.
   611 | D:1      | Found a shimmering altar of Xom.
   611 | D:1      | Found a sparkling altar of Nemelex Xobeh.
   613 | D:1      | Found a hide-covered altar of Uskayaw.
   613 | D:1      | Found a basalt altar of Yredelemnul.
   613 | D:1      | Found a bloodstained altar of Trog.
   808 | D:2      | Reached XP level 3. HP: 27/27 MP: 3/3
  1082 | D:2      | Found a faded altar of an unknown god.
  1095 | D:2      | Slain by a gnoll

Vault maps used:
D:1:      lightli_arrival_lavapool, doesnt_xom_only_xom
D:2:      cheibrodos_old_hovel, chequers_ecumenical_altar_simple,
          kennysheep_generic_room_14

Skill      XL: |  1  2 |
---------------+-------+-----
Throwing       | 2 |  2.1
Short Blades   | 2 |  2.1
Stealth        | 4 |  4.6
Fighting       | |  2.1
Dodging        | |  0.8

Action                   || total
-------------------------++-------
Melee: Dagger            ||    66
 Stab: Sleeping          ||    11
  Eat: Chunk             ||     1
Armor: Robe              ||    22
Dodge: Dodged            ||    23
Block: Other             ||     7

Table legend:
 A = Spawn XP
 B = Non-spawn XP
 C = Spawn XP percentage of total XP
 D = Spawn monster count
 E = Non-spawn monster count
 F = Spawn count percentage of total count
 G = Total turns spent on level
                    A         B        C        D         E        F      G
               +---------+---------+-------+---------+---------+-------+---------
         Total |       0 |      75 |   0.0 |       0 |      26 |   0.0 |  1095
               +---------+---------+-------+---------+---------+-------+---------
           D:1 |       0 |      33 |   0.0 |       0 |      16 |   0.0 |   821
           D:2 |       0 |      42 |   0.0 |       0 |      10 |   0.0 |   274
               +---------+---------+-------+---------+---------+-------+---------
